 Dungeon Crawl Stone Soup version bcrawl-1.40.2 (webtiles) character file.

Game seed: 11898396052298475248

24789892 zoran the End of an Era (level 27, 279/279 HPs)
             Began as a Hill Orc Chaos Knight on Nov 3, 2023.
             Was the Champion of Qazlal.
             Escaped with the Orb
             ... and 5 runes!
             The game lasted 02:58:51 (50294 turns).

zoran the End of an Era (Hill Orc Chaos Knight)    Turns: 50294, Time: 02:58:51

Health: 279/279    AC: 30    Str: 24    XL:     27
Magic:  39/39      EV:  6    Int:  5    God:    Qazlal [******]
Gold:   5285       SH: 44    Dex: 10    Spells: 46/46 levels left

rFire    + + .     GDR:     38% q - +6 broad axe (freeze)
rCold    + + +     SeeInvis .   W - +6 large shield {rC+ rF+}
rNeg     + + .     Gourm    .   V - +5 ice dragon scales of Tartarus {+Fly rF- rC++ rN++ Int-4 Slay+2}
rPois    +         Faith    .   h - +2 hat
rElec    +         Spirit   +   J - scarf {Spirit}
rCorr    .         Reflect  +   Z - +1 pair of gloves {archery}
MR       ++++.     Clarity  +   C - +2 pair of boots
Stlth    +.........             t - +3 amulet of reflection
HPRegen  0.96/turn              S - ring "Uthraz" {rElec rPois rF+ MP+9 Int-5}
MPRegen  0.26/turn              x - ring "Vecatz" {Fire *Drain MR++}

@: studying Ice Magic, repel missiles
A: antennae 1, iridescent scales 1, large bone plates 1, yellow scales 1, blink,
blurry vision 1, clarity, cold resistance 1, deformed body, deterioration 1, low
mp 2, mutation resistance 2, poison resistance, regeneration 1, robust 1,
screaming 1, weak 1, MP-powered wands
0: Orb of Zot
}: 5/15 runes: barnacled, slimy, silver, abyssal, gossamer
a: Blink, Upheaval, Elemental Force, Become The Storm, Renounce Religion, Evoke
Flight


You escaped.
You worshipped Qazlal.
Qazlal was exalted by your worship.
You were not hungry.

You visited 9 branches of the dungeon, and saw 43 of its levels.
You visited the Abyss 3 times.
You also visited: Bailey, Gauntlet and Ice Cave.

You collected 8197 gold pieces.
You spent 2912 gold pieces at shops.

Inventory:

Hand Weapons
 a - a +5 broad axe of chopping
 q - a +6 broad axe of freezing (weapon)
 y - the +14 obsidian axe {chop, +Fly SInv *Curse}
   (You found it on level 1 of the Depths)

   It will always inflict at least some extra damage.
   This minimum extra damage increases with your current reserve of magical
   power.
   It lets you see invisible.
   It lets you fly.
   It curses itself when equipped.
Missiles
 i - 363 javelins (quivered)
 o - 654 steel javelins
 G - 3 throwing nets {=f}
Armour
 d - the +6 fire dragon scales of Xtahua {rF+++ rC- MR+}
   (You found it on level 1 of the Realm of Zot)

   It renders you almost immune to fire.
   It makes you vulnerable to cold.
   It affects your resistance to hostile enchantments.
 h - a +2 hat (worn)
 u - a +2 hat
 C - a +2 pair of boots (worn)
 J - a scarf of spirit shield (worn)
 V - the +5 ice dragon scales of Tartarus (worn) {+Fly rF- rC++ rN++ Int-4 Slay+2}
   (You took it off a minotaur in a Gauntlet)

   It affects your intelligence (-4).
   It affects your accuracy and damage with ranged weapons and melee attacks
   (+2).
   It makes you vulnerable to fire.
   It greatly protects you from cold.
   It greatly protects you from negative energy.
   It lets you fly.
 W - a +6 large shield of resistance (worn)
 Z - a +1 pair of gloves of archery (worn)
Jewellery
 t - a +3 amulet of reflection (around neck)
 x - the ring "Vecatz" (right hand) {Fire *Drain MR++}
   (You bought it in a shop on level 6 of the Dungeon)

   [ring of fire]

   It enhances your fire magic.
   It protects you from fire.
   It makes you vulnerable to cold.
   It affects your resistance to hostile enchantments.
   It causes draining when unequipped.
 F - the ring of Lyarabb {rC+ rCorr}
   (You found it on level 1 of the Vaults)

   [ring of resist corrosion]

   It protects you from cold.
   It provides partial protection from all sources of acid and corrosion.
 S - the ring "Uthraz" (left hand) {rElec rPois rF+ MP+9 Int-5}
   (You found it on level 2 of the Vaults)

   [ring of magical power]

   It affects your intelligence (-5).
   It protects you from fire.
   It insulates you from electricity.
   It protects you from poison.
   It affects your magic capacity (+9).
Wands
 v - a wand of polymorph (26)
 D - a wand of iceblast (15)
 H - a wand of clouds (4)
 I - a wand of acid (5)
 K - a wand of paralysis (59)
 N - a wand of charming (10)
 O - a wand of digging (17)
 U - a wand of scattershot (9)
Scrolls
 c - 11 scrolls of teleportation
 g - 5 scrolls of fear
 l - a scroll of revelation
 w - 2 scrolls of vulnerability
 z - 11 scrolls of remove curse
 E - a scroll of summoning
 L - a scroll of silence
 T - 2 scrolls of blinking
Potions
 b - 8 potions of ambrosia
 f - 3 potions of heal wounds
 k - 10 potions of mutation
 m - 16 potions of curing
 n - 2 potions of invisibility
 s - 3 potions of haste
 A - 7 potions of lignification
 B - 10 potions of flight
 R - 3 potions of magic
Miscellaneous
 p - a phantom mirror
 r - a lamp of fire
 M - a fan of gales (2/2)
 Q - a phial of floods (inert)
 X - a lightning rod (4/4)
 Y - a sack of spiders (inert)
Comestibles
 e - 18 rations {!d}


   Skills:
 - Level 22.0 Fighting
   Level 22.0 Short Blades
   Level 22.0 Long Blades
   Level 22.0 Axes
   Level 22.0 Maces & Flails
   Level 22.0 Polearms
   Level 22.0 Staves
 - Level 16.0 Throwing
 - Level 20.0 Armour
 - Level 1.0 Dodging
 - Level 5.0 Stealth
 - Level 21.0 Shields
   Level 22.0 Unarmed Combat
 - Level 10.0 Spellcasting
 - Level 22.0 Invocations
 + Level 20.9 Evocations


You had 46 spell levels left.
You didn't know any spells.
Your spell library contained the following spells:

 Spells                   Type           Power        Failure   Level  Hunger
 Beastly Appendage        Tmut           #.....       99%         1    None
 Blink Other              Tloc           #.....       99%         1    None
 Flame Tongue             Conj/Fire      #....        99%         1    None
 Magic Dart               Conj           #...         99%         1    None
 Necrotize                Necr           #.....       99%         1    None
 Sandblast                Erth           #.....       99%         1    None
 Slow                     Hex            #.......     99%         1    None
 Sting                    Conj/Pois      #...         99%         1    None
 Summon Small Mammal      Summ           #...         99%         1    None
 Blink                    Tloc           N/A          100%        2    None
 Call Imp                 Summ           #.....       100%        2    None
 Corpse Rot               Necr           N/A          100%        2    None
 Ensorcelled Hibernation  Hex/Ice        #.....       100%        2    None
 Flaming Arrows           Chrm/Fire      #.......     100%        2    None
 Passwall                 Tmut/Erth      #.......     100%        2    None
 Poisonous Vapours        Pois/Air       #.....       100%        2    None
 Sticks to Snakes         Tmut           #.......     100%        2    None
 Sublimation of Blood     Necr           #.........   100%        2    None
 Beckoning                Tloc           #.........   100%        3    None
 Call Canine Familiar     Summ           #.......     100%        3    None
 Confuse                  Hex            #.......     100%        3    None
 Conjure Flame            Conj/Fire      #.......     100%        3    None
 Dazzling Orbs            Conj/Hex       #......      100%        3    None
 False Image              Hex/Summ       #.......     100%        3    None
 Ignite Poison            Fire/Tmut/Pois #.......     100%        3    None
 Mephitic Cloud           Conj/Pois/Air  #.......     100%        3    None
 Portal Projectile        Tloc           #.....       100%        3    None
 Recall                   Summ/Tloc      N/A          100%        3    None
 Regeneration             Chrm/Necr      #.........   100%        3    None
 Spider Form              Tmut/Pois      #..          100%        3    None
 Stone Arrow              Conj/Erth      #.....       100%        3    None
 Teleport Other           Tloc           #.......     100%        3    None
 Tukima's Dance           Hex            #.......     100%        3    None
 Vampiric Draining        Necr           #.........   100%        3    None
 Agony                    Necr           #.......     100%        4    #......
 Airstrike                Air            #.........   100%        4    #......
 Cause Fear               Hex            #.........   100%        4    #......
 Force Lance              Tloc           #.......     100%        4    #......
 Ice Form                 Ice/Tmut       #.......     100%        4    #......
 Olgreb's Toxic Radiance  Pois           #........    100%        4    #......
 Petrify                  Tmut/Erth      #.........   100%        4    #......
 Sticky Flame             Conj/Fire      #.......     100%        4    #......
 Summon Ice Beast         Ice/Summ       #.......     100%        4    #......
 Summon Scorpions         Summ/Pois      #.......     100%        4    #......
 Tree Form                Hex/Tmut       N/A          100%        4    #......
 Blade Hands              Tmut           #.........   100%        5    ####...
 Bolt of Draining         Conj/Necr      #.........   100%        5    ####...
 Bolt of Magma            Conj/Fire/Erth #.........   100%        5    ####...
 Dispel Undead            Necr           #.......     100%        5    ####...
 Fireball                 Conj/Fire      #.........   100%        5    ####...
 Freezing Cloud           Ice/Air        #.......     100%        5    ####...
 Iskenderun's Battlesphe  Conj/Chrm      #.......     100%        5    ####...
 Lee's Rapid Deconstruct  Erth           #.........   100%        5    ####...
 Metabolic Englaciation   Hex/Ice        #.........   100%        5    ####...
 Piercing Shot            Chrm           #.........   100%        5    ####...
 Silence                  Hex/Air        #.........   100%        5    ####...
 Steam Barrier            Chrm/Fire      #.........   100%        5    ####...
 Summon Lightning Spire   Summ/Air       #.......     100%        5    ####...
 Summon Mana Viper        Hex/Summ       #.......     100%        5    ####...
 Venom Bolt               Conj/Pois      #.........   100%        5    ####...
 Aura of Abjuration       Summ           #.........   100%        6    #####..
 Bolt of Cold             Conj/Ice       #.........   100%        6    #####..
 Borgnjor's Vile Clutch   Necr/Erth      #.........   100%        6    #####..
 Conjure Ball Lightning   Conj/Air       #.........   100%        6    #####..
 Death Channel            Chrm/Necr      #.........   100%        6    #####..
 Deflect Missiles         Chrm/Air       #.........   100%        6    #####..
 Dispersal                Tloc           #.........   100%        6    #####..
 Infestation              Hex/Tmut/Pois  #........    100%        6    #####..
 Iron Shot                Conj/Erth      #.........   100%        6    #####..
 Ozocubu's Refrigeration  Ice            #.........   100%        6    #####..
 Poison Arrow             Conj/Pois      #.........   100%        6    #####..
 Simulacrum               Ice/Necr       #.......     100%        6    #####..
 Statue Form              Tmut/Erth      #........    100%        6    #####..
 Summon Hydra             Summ           #.........   100%        6    #####..
 Virulence                Hex/Pois       #.......     100%        6    #####..
 Blight                   Necr/Pois      #........    100%        7    ######.
 Controlled Blink         Tloc           #.......     100%        7    ######.
 Icicle Burst             Conj/Ice       #.........   100%        7    ######.
 Monstrous Menagerie      Summ           #.........   100%        7    ######.
 Scorpion Form            Tmut/Pois      #.........   100%        7    ######.
 Spellforged Servitor     Conj/Summ      #.........   100%        7    ######.
 Summon Fire Elementals   Fire/Summ      #........    100%        7    ######.
 Chain Lightning          Conj/Air       #.........   100%        8    #######
 Necromutation            Tmut/Necr      #.......     100%        8    #######
 Time Stop                Chrm/Tloc      N/A          100%        8    #######
 Tornado                  Tloc/Air       #.........   100%        8    #######
 Dragon's Call            Summ           #.........   100%        9    #######
 Shatter                  Erth           #.........   100%        9    #######


Dungeon Overview and Level Annotations

Branches:
Dungeon (12/12)            Temple (0/1) D:6            Lair (6/6) D:8
 Shoals (3/3) Lair:3       Spider (3/3) Lair:4        Slime (5/5) Orc
    Orc (1/1) D:8          Vaults (3/3) D:11         Forest (0/3) Lair:5
  Crypt (0/2) Vaults:2     Depths (5/5) D:12            Zot (5/5) Depths:5

Altars:
Fedhas
Gozag
Kikubaaqudgha
Lugonu
Makhleb
Nemelex Xobeh
Qazlal
Trog
Uskayaw
Vehumet
Xom
Yredelemnul
Beogh
Jiyva

Shops:
D:4 *   D:6 =   D:11 ?   D:12 *   Orc ([(*   Vaults:1 =   Vaults:2 [
Depths:4 %

Portals:
Hell: Depths:1 Depths:2 Depths:3 Depths:4 Depths:5
Abyss: Depths:1 Depths:3 Depths:4
Pandemonium: Depths:2 Depths:3
Ziggurat: Depths:1

Annotations:
D:4 3 runed translucent doors, yrara's ghost, amateur DsFi
Shoals:2 2 transporters, polpettosauro's ghost, adept HOFi


Innate Abilities, Weirdness & Mutations

You have a pair of small antennae on your head.
You are partially covered in iridescent scales. (AC +2)
You are partially covered in large bone plates. (SH +4)
You are partially covered in yellow scales. (AC +2)
You can translocate small distances at will.
Scrolls take you a little longer to read.
You possess an exceptional clarity of mind.
Your flesh is cold resistant. (rC+)
Armour fits poorly on your strangely shaped body.
Your body sometimes deteriorates upon taking damage.
Your magical capacity is very low. (-20% MP)
You are somewhat resistant to both further mutation and mutation removal.
Your system is resistant to poisons. (rPois)
Your natural rate of healing is unusually fast.
You are robust. (+10% HP)
You occasionally shout uncontrollably at your foes.
You are weak. (Str -2)
You expend magic power (3 MP) to strengthen your wands.


Message History

You slice the quokka!! You freeze the quokka.
You kill the quokka!
Qazlal accepts your kill.
A jackal comes into view.
You see here a quokka corpse.
You block the jackal's attack. You block the jackal's attack.
You block the jackal's attack.
There is a stone staircase leading up here.
You block the jackal's attack. x2
You slash the jackal! You freeze the jackal.
You kill the jackal!
Qazlal accepts your kill.
There is a stone staircase leading up here.
You climb upwards.
There is a stone staircase leading down here.
Unknown command.
There is a staircase leading out of the dungeon here.
The power of the Orb breaks the dimensional shunt like a soap bubble!
You have escaped!

.......# ♣..♣♣ ###.....##
.......# ♣.♣.♣♣ ##.......
.......# ♣♣...♣ #........
.......# ♣♣..♣♣ #.^..#...
.......# ♣.♣.♣♣ #.#.....[
.##....# ♣♣...♣ ♣#.#......
..#....# ♣♣.♣♣ #.........
..###.## ♣..§♣♣ #.........
.......# ♣§@°.♣ #.........
.......# ♣...♣♣ #.........
.......# ♣♣♣.♣♣ ##.####....
.......# ♣...♣ #..####....
.......# ♣.♣.♣ #.#........
.#####.# ♣♣♣♣.♣♣ #.#.....#..
.#####.# ♣.♣.♣♣ #.#.....#..
...#...# ♣♣..♣ #.#..^..#..
.......######..########.#.....#..


There were no monsters in sight!

Vanquished Creatures
  the Royal Jelly (Slime:5)
  A juggernaut (Vaults:3)
  6 orbs of fire
  Xtahua (Zot:1)
  An ancient lich (Zot:5)
  Sojobo (Depths:3)
  5 Killer Klowns
  Boris (twice) (Depths:3 Depths:4)
  13 golden dragons
  Arachne (Spider:2)
  A caustic shrike (Depths:3)
  4 curse toes
  Margery (Vaults:2)
  A profane servitor (Abyss:2)
  5 rockslimes
  A bone dragon (Depths:2)
  3 Orb Demons
  2 hellephants
  2 electric golems
  3 liches
  16 tentacled monstrosities
  21 Orb Guardians
  7 quicksilver dragons
  18 acid blobs
  7 sphinxes
  Polyphemus (Shoals:3)
  2 tentacled starspawn (Abyss:2)
  12 death cobs
  Kirke (Lair:5)
  11 shadow dragons
  7 tengu reavers
  11 storm dragons
  2 greenwood witches (shapeshifter)
  A greenwood witch (Zot:2)
  Donald (Slime:2)
  11 fire giants
  18 frost giants
  3 balrugs
  2 draconian monks (Zot:2)
  13 azure jellies
  A deep elf sorcerer (Vaults:1)
  2 iron dragons
  10 vault wardens
  6 emperor scorpions
  5 spectral caustic shrikes
  An orc warlord (Orc)
  3 draconian shifters
  2 war gargoyles (Vaults:3)
  11 stone giants
  7 ghost moths
  A draconian annihilator (Depths:5)
  A draconian stormcaller (Zot:1)
  2 draconian scorchers
  A reaper (Abyss:3)
  15 very ugly things
  4 spriggan defenders
  7 ironheart preservers
  A starcursed mass (Abyss:2)
  2 eyes of devastation
  3 vampire knights
  10 green draconians
  8 black draconians
  A lorocyproca (Depths:3)
  2 spark wasps (Depths:5)
  6 white draconians
  9 purple draconians
  13 dire elephants
  13 red draconians
  2 yellow draconians (Zot:4)
  A minotaur (Gauntlet)
  An entropy weaver (Vaults:1)
  A blizzard demon (D:4)
  10 ettins
  2 deep elf death magi
  2 crystal guardians (Vaults:3)
  2 merfolk impalers
  A merfolk javelineer (Shoals:3)
  4 fire dragons
  4 yaktaur captains
  Fannar (Lair:2)
  2 rakshasas
  A monstrous demonspawn (Zot:4)
  7 spriggan air magi
  2 hydras (Lair:5)
  9 vault guards
  8 ice dragons
  A catoblepas (Shoals:3)
  5 ogre magi
  9 two-headed ogres
  4 merfolk avatars
  2 shadow wraiths
  11 great orbs of eyes
  An alligator snapping turtle (Shoals:3)
  2 anacondas
  An alligator (Depths:5)
  A queen ant (shapeshifter) (Depths:2)
  3 death knights
  3 deep troll shamans
  3 merfolk aquamancers (Shoals:3)
  3 death yaks (Shoals:3)
  2 ancient automatons
  5 death oozes
  A tengu warrior (Vaults:1)
  2 vampire magi (Depths:3)
  7 sea snakes
  A dancing weapon (Vaults:3)
  2 ironheart beastmasters (Vaults:2)
  6 deep troll earth magi
  An orc high priest (Orc)
  3 hell hogs (Abyss:3)
  14 deep trolls
  9 spriggans
  5 deep elf knights
  6 spriggan berserkers
  3 sun demons
  4 thrashing horrors (Abyss:2)
  A fire crab (Shoals:2)
  2 wretched stars
  A titan skeleton (Depths:2)
  3 iron trolls
  24 centaur warriors
  A salamander mystic (Depths:4)
  A skeletal warrior (D:11)
  2 infernal demonspawn (Depths:3)
  2 sixfirhies (Depths:1)
  A storm dragon skeleton (Abyss:1)
  4 glowing orange brains
  20 hell knights
  2 unseen horrors
  A death drake (Depths:2)
  2 obsidian statues (Depths:1)
  9 ironheart convokers
  A flayed ghost (Vaults:1)
  4 cyclopes
  An orange crystal statue (Spider:1)
  5 deep elf archers
  21 harpies
  A wolf spider zombie (D:12)
  2 mana vipers (Depths:2)
  A phantasmal warrior (D:11)
  5 necromancers
  A lindwurm (Slime:5)
  3 orc sorcerers (Orc)
  4 draconians (Abyss:3)
  An orc knight (Orc)
  A golden dragon skeleton (Depths:2)
  24 wolf spiders
  4 wizards
  7 deep elf magi
  2 oklob plants (Lair:1)
  A faun (shapeshifter) (Depths:3)
  A naga mage (Depths:2)
  An apocalypse crab (Abyss:3)
  An iron dragon zombie (Depths:3)
  25 ugly things
  11 manticores
  9 orb spiders
  2 fauns (Shoals:2)
  19 moths of wrath
  7 salamanders (Depths:4)
  2 frost giant skeletons
  A moth of wrath (shapeshifter) (Vaults:3)
  2 shining eyes
  2 worldbinders (Depths:2)
  5 large abominations (Abyss:2)
  8 elephants (Lair:6)
  A rust devil (Depths:1)
  A black mamba (shapeshifter) (D:11)
  An ice statue (IceCv)
  3 water nymphs (Shoals:3)
  5 black mambas
  2 will-o'-wisps (Depths:2)
  6 orange demons
  A stone giant skeleton (Depths:1)
  9 vault sentinels
  2 guardian serpents (shapeshifter)
  9 cane toads
  2 smoke demons
  A storm dragon simulacrum (Depths:3)
  2 efreet
  A torpor snail (Spider:1)
  2 rime drakes
  4 freezing wraiths
  2 kobold demonologists (D:12)
  2 komodo dragons (shapeshifter)
  2 eyes of draining
  35 jumping spiders
  2 komodo dragons
  22 yaktaurs
  10 demonic crawlers
  A tormentor (Abyss:2)
  3 ice devils
  3 hellwings
  A tengu conjurer (Gauntlet)
  An ancient zyme (Abyss:2)
  5 red devils
  A harpy zombie (Abyss:3)
  A polar bear (Lair:4)
  18 merfolk
  A queen bee (shapeshifter) (D:12)
  7 trolls
  11 hornets
  A wind drake (shapeshifter) (Depths:1)
  4 wind drakes
  Grinder (D:4)
  82 slime creatures
  A raiju (shapeshifter) (D:12)
  A meliai zombie (D:12)
  An ettin zombie (Depths:1)
  20 blink frogs
  A snapping turtle (shapeshifter) (Depths:1)
  4 raiju
  19 dream sheep
  2 iron dragon simulacra
  A stone giant simulacrum (Depths:3)
  6 snapping turtles
  Sigmund (D:3)
  8 hippogriffs
  3 ynoxinuls (Abyss:2)
  5 shadows
  A wraith (Vaults:1)
  31 yaks
  2 vampires (D:9)
  4 water elementals
  25 tarantellas
  23 fire elementals
  A human (shapeshifter) (Vaults:1)
  A hog (shapeshifter) (Abyss:2)
  5 basilisks
  7 hogs
  4 hungry ghosts
  15 golden eyes
  3 neqoxecs
  A vampire mosquito (D:10)
  A chaos spawn (Depths:1)
  37 redbacks
  A hydra simulacrum (Abyss:2)
  3 acid dragons
  9 crocodiles
  10 water moccasins
  8 porcupines
  A soldier ant (Lair:4)
  A sky beast (D:2)
  10 ice beasts
  25 orc warriors
  A hornet zombie (D:10)
  5 phantoms
  8 wolves
  17 ogres
  2 human skeletons (Vaults:2)
  17 boggarts
  10 bullfrogs
  2 kobold brigands (D:12)
  A glowing shapeshifter simulacrum (Depths:2)
  10 centaurs
  A hornet simulacrum (D:11)
  A wyvern skeleton (D:7)
  7 scorpions
  3 human simulacra
  5 wights (D:10)
  8 killer bees
  5 electric eels
  A howler monkey (Orc)
  A vampire bat (Depths:2)
  10 orc priests (Orc)
  8 crimson imps
  2 quasits
  9 jellies
  A bullfrog zombie (D:7)
  A bullfrog skeleton (D:4)
  7 hounds
  11 orc wizards
  11 small abominations
  Ijyb (D:4)
  6 iguanas
  10 worker ants
  A hound zombie (D:7)
  7 gnolls
  6 adders
  2 shadow imps
  A white imp (Abyss:3)
  An ooze (D:2)
  An adder zombie (D:9)
  6 worms
  2 dart slugs (D:2)
  A leopard gecko (D:1)
  54 orcs
  A ball python (D:1)
  7 giant cockroaches
  12 hobgoblins
  5 jackals
  24 kobolds
  4 quokkas
  3 bats
  4 frilled lizards
  10 goblins
  3 rats
  A fire vortex (D:9)
  A fungus (Slime:1)
  5 plants
  A starspawn tentacle (Abyss:2)
  A withered plant (Shoals:2)
1724 creatures vanquished.

Vanquished Creatures (collateral kills)
  An orb of fire (Zot:5)
  2 ancient liches (Zot:5)
  A golden dragon (Depths:4)
  2 Killer Klowns
  A caustic shrike (Depths:3)
  A rockslime (Zot:1)
  A profane servitor (Abyss:3)
  A Hell Sentinel (D:7)
  2 tentacled monstrosities (Zot:5)
  A lich (Depths:3)
  A storm dragon (Zot:5)
  An iron dragon (Depths:3)
  A vault warden (Vaults:3)
  An emperor scorpion (Spider:2)
  2 stone giants (Depths:3)
  A very ugly thing (Depths:3)
  2 black draconians (Zot:2)
  A green draconian (Zot:2)
  A red draconian (Zot:4)
  2 purple draconians
  A merfolk javelineer (Shoals:3)
  A fire dragon (Depths:4)
  A yaktaur captain (Vaults:3)
  6 vault guards
  A two-headed ogre (Vaults:1)
  A great orb of eyes (Slime:5)
  A satyr (Shoals:2)
  A thrashing horror (Abyss:3)
  An ironheart convoker (Vaults:1)
  A phantasmal warrior (Vaults:3)
  3 necromancers
  A wizard (Vaults:1)
  2 ugly things (Abyss:2)
  An orb spider (Spider:1)
  A deep elf mage (Vaults:3)
  A draconian (Abyss:3)
  A manticore (Shoals:3)
  An iron dragon skeleton (Depths:2)
  4 moths of wrath
  A merfolk siren (Shoals:2)
  An elephant (Lair:6)
  2 torpor snails
  An ice statue (IceCv)
  A yaktaur (Vaults:3)
  A jumping spider (Spider:2)
  2 merfolk
  A meliai (shapeshifter) (Vaults:2)
  A hornet (Depths:2)
  A slime creature (Slime:5)
  A hippogriff (D:6)
  2 yaks (Lair:4)
  A basilisk (Lair:4)
  A redback (Spider:1)
  A water moccasin (Lair:3)
  A hell hound (Abyss:2)
  A sky beast (D:6)
  A boggart (Depths:3)
  An ogre (Vaults:2)
  A bullfrog (Lair:3)
  A glowing shapeshifter simulacrum (Depths:3)
  A necrophage (Gauntlet)
  A quasit (Abyss:3)
  A worm (Lair:4)
83 creatures vanquished.

Vanquished Creatures (others)
  Boris (Vaults:3)
  A golden dragon (Vaults:3)
  2 caustic shrikes (Depths:3)
  A lich (Depths:4)
  4 acid blobs (Slime:5)
  2 death cobs
  2 storm dragons
  A draconian monk (Abyss:3)
  3 frost giants
  A fire giant (Zot:3)
  A tengu reaver (Vaults:3)
  4 azure jellies (Slime:5)
  A vault warden (Vaults:3)
  11 stone giants
  A draconian scorcher (Zot:3)
  An ironheart preserver (Vaults:1)
  2 very ugly things
  2 spriggan defenders (Depths:3)
  An eye of devastation (Depths:4)
  A deep elf annihilator (Depths:2)
  A green draconian (Zot:3)
  A dire elephant (Vaults:2)
  A red draconian (Zot:2)
  A merfolk javelineer (Shoals:1)
  An ettin (Depths:2)
  2 merfolk impalers
  A rakshasa (Abyss:3)
  10 yaktaur captains
  11 vault guards (Vaults:3)
  An ice dragon (Depths:2)
  An ogre mage (Depths:2)
  2 merfolk avatars (Shoals:1)
  A catoblepas (Shoals:2)
  3 ghost crabs (Depths:2)
  A merfolk aquamancer (Shoals:3)
  A great orb of eyes (Slime:5)
  A deep troll shaman (Depths:3)
  5 dancing weapons
  A two-headed ogre (Vaults:1)
  A thrashing horror (Abyss:3)
  5 death oozes (Slime:5)
  A vampire mage (Depths:3)
  A deep troll earth mage (Depths:3)
  A spriggan berserker (Depths:2)
  7 deep trolls
  4 centaur warriors
  A salamander mystic (Depths:4)
  A spriggan (Depths:3)
  A flayed ghost (Depths:3)
  2 ironheart convokers (Vaults:3)
  A wizard (Depths:2)
  2 cyclopes
  A wolf spider (Spider:1)
  2 harpies (Shoals:2)
  A necromancer (Vaults:2)
  A deep elf mage (Vaults:2)
  2 orc sorcerers (Orc)
  5 ugly things
  A faun (Shoals:2)
  3 moths of wrath
  2 draconians (Abyss:3)
  2 elephants
  A merfolk siren (Shoals:1)
  A titan simulacrum (Depths:2)
  2 jumping spiders (Spider:1)
  8 yaktaurs
  A komodo dragon (Lair:5)
  A hellwing (Depths:1)
  A troll (Orc)
  A merfolk (Shoals:1)
  2 hornets
  A raiju (Abyss:3)
  A wind drake (Shoals:2)
  7 slime creatures
  A blink frog (Lair:5)
  A human (Lair:6)
  2 yaks (Lair:6)
  A small abomination (Depths:2)
  3 basilisks (Shoals:2)
  A chaos spawn (Depths:1)
  3 redbacks
  2 crocodiles (Lair:6)
  A hell hound (Abyss:2)
  A boggart (Vaults:1)
  4 wolves
  An orc wizard (Orc)
  3 worker ants (Lair:4)
  A white imp (Abyss:2)
  3 orcs (Orc)
  A goblin (D:11)
  A fire vortex (D:9)
  13 fungi
  19 plants
  3 starspawn tentacles (Abyss:2)
229 creatures vanquished.

Grand Total: 2036 creatures vanquished

Notes
Turn   | Place    | Note
-------+----------+-------------------------------------------
     0 | D:1      | zoran the Hill Orc Chaos Knight began the quest for the
                  | Orb.
     0 | D:1      | Reached XP level 1. HP: 19/19 MP: 1/1
    55 | D:1      | Reached skill level 1 in Dodging
    65 | D:1      | XOM: harmless Chrm miscast
    71 | D:1      | Reached XP level 2. HP: 25/27 MP: 2/2
   152 | D:1      | XOM: harmless Hex miscast
   411 | D:1      | Reached skill level 1 in Throwing
   854 | D:2      | XOM: silly message
   882 | D:2      | Reached XP level 3. HP: 33/33 MP: 3/3
   927 | D:2      | XOM: divination: magic mapping
  1267 | D:2      | Found a faded altar of an unknown god.
  1344 | D:2      | XOM: potion effect (invisibility)
  1359 | D:2      | Reached XP level 4. HP: 18/40 MP: 2/4
  1362 | D:2      | XOM: divination: detect items
  1415 | D:2      | XOM: scenery: create altars
  1428 | D:2      | XOM: give mutations
  1428 | D:2      | Gained mutation: You can translocate small distances at
                  | will. [Xom's grace]
  1428 | D:2      | Gained mutation: You are partially covered in yellow
                  | scales. (AC +2) [Xom's grace]
  1428 | D:2      | Gained mutation: You possess an exceptional clarity of
                  | mind. [Xom's grace]
  1484 | D:2      | XOM: mild Ice miscast
  2040 | D:3      | Found a basalt altar of Yredelemnul.
  2124 | D:3      | Reached XP level 5. HP: 47/47 MP: 5/5
  2279 | D:3      | Noticed a sky beast
  2307 | D:2      | Killed a sky beast
  2308 | D:2      | Reached skill level 5 in Fighting
  2308 | D:2      | Reached skill level 1 in Stealth
  2308 | D:2      | Reached XP level 6. HP: 44/56 MP: 6/6
  2343 | D:3      | Noticed Sigmund
  2605 | D:4      | Found a runed translucent gate.
  2605 | D:4      | Found a runed translucent gate.
  2605 | D:4      | Found a runed translucent gate.
  2605 | D:4      | Noticed yrara's ghost (amateur DsFi)
  2608 | D:4      | Identified the +5 dagger of Fee Simple {venom, *Noise rC+
                  | Str+4 SInv}
  2649 | D:4      | Noticed Ijyb
  2658 | D:4      | Killed Ijyb
  2867 | D:4      | Found a blossoming altar of Fedhas.
  3020 | D:4      | Noticed Grinder
  3020 | D:4      | XOM: destruction
  3033 | D:4      | XOM: summons 3 hostile demons
  3144 | D:4      | Killed Grinder
  3145 | D:4      | Reached XP level 7. HP: 49/62 MP: 5/7
  3255 | D:4      | Reached skill level 5 in Armour
  3353 | D:4      | XOM: summons friendly ufetubus
  3364 | D:4      | Found Geqantyc's General Store.
  3370 | D:4      | Bought a scroll of identify for 28 gold pieces
  3370 | D:4      | Bought a scroll of identify for 28 gold pieces
  3370 | D:4      | Bought a scroll of remove curse for 42 gold pieces
  3370 | D:4      | Bought 2 scrolls of identify for 56 gold pieces
  3406 | D:4      | Found an opulent altar of Gozag.
  3945 | D:3      | XOM: give mutation
  3945 | D:3      | Lost mutation: You are partially covered in yellow scales.
                  | (AC +2) [Xom's mischief]
  3949 | D:3      | Killed Sigmund
  3950 | D:3      | Reached skill level 5 in Throwing
  3950 | D:3      | Reached XP level 8. HP: 57/70 MP: 6/8
  3970 | D:3      | XOM: noise
  4106 | D:5      | Entered Level 5 of the Dungeon
  4378 | D:5      | Noticed a troll
  4379 | D:5      | Noticed a komodo dragon
  4379 | D:5      | a troll changed into a komodo dragon
  4390 | D:5      | XOM: scenery: create altars
  4416 | D:5      | XOM: medium Tloc miscast
  4418 | D:5      | XOM: swap monsters
  4421 | D:5      | Killed a komodo dragon
  4498 | D:5      | Found a hide-covered altar of Uskayaw.
  4741 | D:5      | Found a sparkling altar of Nemelex Xobeh.
  4742 | D:5      | Found a stormy altar of Qazlal.
  4752 | D:5      | Fell from the grace of Xom
  4752 | D:5      | Became a worshipper of Qazlal Stormbringer
  4838 | D:5      | XOM: cloud trail
  4902 | D:6      | XOM: fog
  4906 | D:6      | XOM: cleaving
  4907 | D:6      | XOM: summons friendly iron imp
  4976 | D:6      | Found a staircase to the Ecumenical Temple.
  4991 | D:6      | XOM: cloud trail
  5019 | D:6      | Noticed a hippogriff
  5027 | D:6      | Killed a hippogriff
  5028 | D:6      | Reached XP level 9. HP: 73/81 MP: 9/9
  5066 | D:6      | Found an ancient bone altar of Kikubaaqudgha.
  5187 | D:6      | XOM: scenery: 1 doors close
  5295 | D:6      | Found Wazxor's Jewellery Shop.
  5596 | D:6      | Noticed a death knight
  5603 | D:6      | XOM: scenery: 1 doors open, 1 doors close
  5605 | D:6      | XOM: confuse monster(s)
  5611 | D:6      | Killed a death knight
  5639 | D:6      | XOM: give mutations
  5639 | D:6      | Gained mutation: Your muscles are strong. (Str +2) [Xom's
                  | grace]
  5639 | D:6      | Gained mutation: You have a beak for a mouth. [Xom's grace]
  5639 | D:6      | Gained mutation: You evolve. [Xom's grace]
  5869 | D:7      | XOM: divination: magic mapping
  5957 | D:7      | Reached skill level 10 in Fighting
  6042 | D:7      | Reached skill level 1 in Invocations
  6103 | D:7      | Gained mutation: You have a pair of small antennae on your
                  | head. [evolution]
  6134 | D:7      | Reached * piety under Qazlal
  6160 | D:7      | XOM: harmless Tmut miscast
  6167 | D:7      | XOM: swap monsters
  6173 | D:7      | Reached skill level 1 in Evocations
  6289 | D:7      | Noticed a hornet
  6295 | D:7      | a hornet changed into a scorpion
  6296 | D:7      | XOM: destruction
  6305 | D:7      | Reached XP level 10. HP: 84/93 MP: 8/11
  6555 | D:7      | XOM: cleaving
  6856 | D:8      | XOM: harmless Necr miscast
  6957 | D:8      | Found a corrupted altar of Lugonu.
  7034 | D:8      | Found a radiant altar of Vehumet.
  7060 | D:8      | XOM: enchant monster (bad)
  7140 | D:8      | XOM: harmless Chrm miscast
  7184 | D:8      | Found a staircase to the Lair.
  7487 | D:8      | Found a staircase to the Orcish Mines.
  7494 | D:8      | XOM: harmless Ice miscast
  7498 | D:8      | Reached skill level 1 in Spellcasting
  7498 | D:8      | Reached skill level 5 in Evocations
  7540 | D:8      | Found a bloodstained altar of Trog.
  7586 | D:8      | XOM: 4-stop teleportation journey
  7720 | D:8      | XOM: give mutations
  7720 | D:8      | Gained mutation: Scrolls take you a little longer to read.
                  | [Xom's mischief]
  7720 | D:8      | Lost mutation: You evolve. [Xom's mischief]
  7720 | D:8      | Gained mutation: You are somewhat resistant to further
                  | mutation. [Xom's mischief]
  7720 | D:8      | Gained mutation: You have large cloven feet. [Xom's
                  | mischief]
  7831 | Lair:1   | Entered Level 1 of the Lair of Beasts
  7911 | Lair:1   | XOM is BORED!
  7967 | Lair:1   | Noticed a black mamba
  7969 | Lair:1   | XOM: scenery: 2 doors open
  7973 | Lair:1   | Killed a black mamba
  8052 | Lair:1   | Identified Xom's Incunabulum of Disintegration (Xom gifted
                  | it to you on level 1 of the Lair of Beasts)
  8052 | Lair:1   | XOM: god gift: Xom's Incunabulum of Disintegration
  8092 | Lair:1   | XOM: confuse monster(s)
  8135 | Lair:1   | Noticed a cane toad
  8148 | Lair:1   | XOM: enchant monster (good)
  8150 | Lair:1   | Killed a cane toad
  8151 | Lair:1   | Reached skill level 5 in Invocations
  8415 | Lair:1   | Noticed an oklob plant
  8422 | Lair:1   | Got a steaming chain mail
  8484 | Lair:1   | Noticed a cane toad
  8485 | Lair:1   | XOM: cast spell 'Cause Fear'
  8489 | Lair:1   | XOM: summons friendly shadow imp
  8496 | Lair:1   | Killed a cane toad
  8496 | Lair:1   | Reached ** piety under Qazlal
  8849 | Lair:1   | Noticed an oklob plant
  8948 | Lair:1   | XOM: harmless Necr miscast
  8949 | Lair:1   | XOM: divination: detect creatures
  8956 | Lair:1   | Killed an oklob plant
  8956 | Lair:1   | XOM: cast spell 'Shadow Creatures'
  8957 | Lair:1   | Reached skill level 5 in Spellcasting
  8957 | Lair:1   | Reached XP level 11. HP: 48/99 MP: 9/19
  8962 | Lair:1   | Killed an oklob plant
  8975 | Lair:1   | XOM: polymorph cane toad -> jumping spider
  9023 | Lair:1   | XOM: mild Air miscast
  9047 | Lair:1   | XOM: noise
  9160 | Lair:2   | XOM: summons 2 friendly demons
  9471 | Lair:2   | XOM: divination: detect items
  9481 | Lair:2   | Reached skill level 1 in Shields
  9549 | Lair:2   | XOM: 4-stop teleportation journey
  9550 | Lair:2   | Identified the ring "Beuby" {Ice +Blink}
  9550 | Lair:2   | Noticed Fannar
  9568 | Lair:2   | XOM: cast spell 'Olgreb's Toxic Radiance'
  9574 | Lair:2   | Killed Fannar
 10103 | Lair:2   | Identified the +0 chain mail of the Merchant {+Fly rC+ MR-}
                  | (You found it on level 1 of the Lair of Beasts)
 10143 | Lair:3   | XOM: blink monster(s)
 10266 | Lair:3   | XOM: summons friendly iron imp
 10395 | Lair:3   | XOM is BORED!
 10395 | Lair:3   | XOM: medium Summ miscast
 10525 | Lair:3   | XOM: silly message
 10578 | Lair:3   | XOM: summons 10 friendly demons
 10607 | Lair:3   | XOM: polymorph rime drake -> bullfrog
 10678 | Lair:3   | XOM: enchant monster (bad)
 10710 | Lair:3   | XOM: mild Tmut miscast
 10906 | Lair:3   | XOM: mild Ice miscast
 11009 | Lair:3   | Found a staircase to the Shoals.
 11044 | Lair:3   | XOM: give mutation
 11044 | Lair:3   | Gained mutation: You are frail. (-10% HP) [Xom's mischief]
 11069 | Lair:3   | Reached XP level 12. HP: 96/96 MP: 23/23
 11529 | Lair:4   | Found a gate leading to a gauntlet.
 11529 | Lair:4   | XOM: 1-stop teleportation journey
 11552 | Gauntlet | Entered a Gauntlet
 11552 | Gauntlet | Found a transporter.
 11552 | Gauntlet | Found a transporter.
 11596 | Gauntlet | Found a transporter.
 11611 | Gauntlet | Found a transporter.
 11626 | Gauntlet | Found a transporter.
 11642 | Gauntlet | Found a transporter.
 11656 | Gauntlet | Found a transporter.
 11657 | Gauntlet | Identified the ring "Putwok" {rCorr Str+3 Int-2 Stlth+}
 11734 | Gauntlet | Found a transporter.
 11735 | Gauntlet | Noticed a tengu warrior
 11743 | Gauntlet | Found a transporter.
 11758 | Gauntlet | Found a transporter.
 11774 | Gauntlet | Found a transporter.
 11787 | Gauntlet | Noticed a reaper
 11788 | Gauntlet | Found a transporter.
 11861 | Gauntlet | Found a transporter.
 11865 | Gauntlet | Found a transporter.
 11873 | Gauntlet | Found a transporter.
 11886 | Gauntlet | Found a transporter.
 11933 | Gauntlet | XOM: mild Pois miscast
 11955 | Gauntlet | XOM: harmless Necr miscast
 11967 | Gauntlet | XOM: divination: detect creatures
 12146 | Gauntlet | XOM: divination: detect creatures
 12170 | Gauntlet | XOM: polymorph large abomination -> hungry ghost
 12172 | Gauntlet | XOM: divination: detect creatures
 12175 | Gauntlet | Reached *** piety under Qazlal
 12175 | Gauntlet | XOM: cleaving
 12177 | Gauntlet | XOM: polymorph small abomination -> necrophage
 12183 | Gauntlet | XOM: summons 6 friendly demons
 12433 | Gauntlet | Identified the +5 ice dragon scales of Tartarus {+Fly rF-
                  | rC++ rN++ Int-4 Slay+2}
 12433 | Gauntlet | Noticed a minotaur
 12433 | Gauntlet | XOM: confuse monster(s)
 12441 | Gauntlet | XOM: smoke on damage
 12471 | Gauntlet | Killed a minotaur
 12480 | Gauntlet | Identified the Guide on the Blaze and the Compass
 12668 | Lair:4   | XOM: confuse monster(s)
 12677 | Lair:4   | XOM: enchant monster (good)
 12681 | Lair:4   | XOM: divine lightning
 12691 | Lair:4   | XOM: polymorph blink frog -> soldier ant
 12715 | Lair:4   | XOM: summons 2 friendly demons
 12793 | Lair:4   | XOM: god gift: scale mail {god gift}
 12840 | Lair:4   | Found a hole to the Spider Nest.
 12904 | Lair:4   | XOM: scenery: create altars
 12905 | Lair:4   | XOM: divination: detect items
 12922 | Lair:4   | XOM: divination: detect creatures
 13070 | Lair:4   | XOM: 5-stop teleportation journey
 13556 | Lair:5   | XOM: summons friendly quasit
 13581 | Lair:5   | Found a staircase to the Spriggan Forest.
 13596 | Lair:5   | XOM: divine lightning
 13775 | Lair:5   | Reached XP level 13. HP: 102/105 MP: 25/25
 13902 | Lair:5   | Reached **** piety under Qazlal
 13963 | Lair:5   | XOM: give mutations
 13963 | Lair:5   | Gained mutation: You are partially covered in iridescent
                  | scales. (AC +2) [Xom's grace]
 13963 | Lair:5   | Gained mutation: You expend magic power (3 MP) to
                  | strengthen your wands. [Xom's grace]
 13966 | Lair:5   | Found a frozen archway.
 13970 | Lair:5   | Reached skill level 10 in Throwing
 13974 | Lair:5   | XOM: divination: detect creatures
 13989 | IceCv    | Entered an ice cave
 13993 | IceCv    | XOM: cast spell 'Metabolic Englaciation'
 14016 | IceCv    | Found a transporter.
 14047 | IceCv    | Found a transporter.
 14054 | IceCv    | XOM: summons friendly chaos spawn
 14058 | IceCv    | XOM: fake destruction
 14060 | IceCv    | XOM: scenery: create altars
 14179 | Lair:5   | XOM: scenery: create altars
 14207 | Lair:5   | Reached skill level 5 in Shields
 14368 | Lair:5   | XOM: smoke on damage
 14387 | Lair:5   | XOM: fog
 14471 | Lair:5   | XOM: cloud trail
 14866 | Lair:5   | Identified 3 scrolls of acquirement
 14871 | Lair:5   | Identified the +10 lajatang "Huiforgh" {holy, rN+} (You
                  | acquired it on level 5 of the Lair of Beasts)
 14871 | Lair:5   | Identified the -3 buckler of Summertime {Regen+ Int+3} (You
                  | acquired it on level 5 of the Lair of Beasts)
 14871 | Lair:5   | Identified the ring of Optimism {rC+ MR+ Str+3} (You
                  | acquired it on level 5 of the Lair of Beasts)
 14873 | Lair:5   | Identified the ring "Evig Muy" {+Fly rElec Int-4 Dex+4}
                  | (You acquired it on level 5 of the Lair of Beasts)
 14875 | Lair:5   | Identified the ring of Kina Bar {rF+ Dex+4} (You acquired
                  | it on level 5 of the Lair of Beasts)
 14924 | Lair:6   | Entered Level 6 of the Lair of Beasts
 14948 | Lair:6   | XOM: potion effect (might)
 14955 | Lair:6   | XOM: harmless Necr miscast
 14970 | Lair:6   | XOM: enchant monster (bad)
 15018 | Lair:6   | Noticed Kirke
 15203 | Lair:5   | Killed Kirke
 15750 | Lair:6   | XOM: give mutations
 15750 | Lair:6   | Gained mutation: Your body sometimes deteriorates upon
                  | taking damage. [Xom's mischief]
 15750 | Lair:6   | Lost mutation: Your body sometimes deteriorates upon taking
                  | damage. [Xom's mischief]
 15750 | Lair:6   | Gained mutation: Scrolls take you longer to read. [Xom's
                  | mischief]
 15750 | Lair:6   | Lost mutation: Scrolls take you longer to read. [Xom's
                  | mischief]
 15775 | Lair:6   | Noticed a dire elephant
 15784 | Lair:6   | Killed a dire elephant
 15812 | Lair:6   | Noticed a dire elephant
 15812 | Lair:6   | Noticed a dire elephant
 15821 | Lair:6   | Killed a dire elephant
 15828 | Lair:6   | Killed a dire elephant
 15995 | Lair:6   | XOM: noise
 16005 | Lair:6   | XOM: enchant monster (good)
 16009 | Lair:6   | Reached XP level 14. HP: 108/114 MP: 23/26
 16011 | Lair:6   | XOM: confuse monster(s)
 16101 | Lair:6   | Noticed a dire elephant
 16101 | Lair:6   | XOM: summons friendly crimson imp
 16104 | Lair:6   | XOM: cast spell 'Summon Dragon'
 16109 | Lair:6   | Noticed a dire elephant
 16110 | Lair:6   | Killed a dire elephant
 16119 | Lair:6   | Killed a dire elephant
 16127 | Lair:6   | Noticed a dire elephant
 16136 | Lair:6   | Killed a dire elephant
 16342 | D:9      | XOM: mild Fire miscast
 16570 | D:9      | XOM: potion effect (invisibility)
 16601 | D:9      | XOM: divination: magic mapping
 16663 | D:9      | Reached ***** piety under Qazlal
 16696 | D:9      | XOM: divination: magic mapping
 17261 | D:9      | XOM: give mutation
 17261 | D:9      | Gained mutation: You occasionally shout uncontrollably at
                  | your foes. [Xom's mischief]
 17280 | D:9      | XOM: harmless Chrm miscast
 17297 | D:10     | Entered Level 10 of the Dungeon
 17299 | D:10     | XOM: noise
 17311 | D:10     | XOM: noise
 17314 | D:10     | XOM: chaos upgrade
 17451 | D:10     | Reached skill level 5 in Stealth
 17477 | D:10     | XOM: enchant monster (bad)
 17708 | D:10     | XOM is BORED!
 17708 | D:10     | XOM: medium Air miscast
 17786 | D:11     | Found Wiatz's Magic Scroll Shoppe.
 17786 | D:11     | Found a gate to the Vaults.
 17816 | D:11     | Bought a scroll of blinking for 105 gold pieces
 17816 | D:11     | Bought a scroll of identify for 28 gold pieces
 17816 | D:11     | Bought a scroll of revelation for 56 gold pieces
 17824 | D:11     | XOM: blink monster(s)
 17834 | D:11     | XOM: blink monster(s)
 17851 | D:11     | Found a flagged portal.
 17856 | Bailey   | Entered a bailey
 17999 | Bailey   | Found a bloodstained altar of Trog.
 17999 | Bailey   | XOM: swap monsters
 18053 | D:11     | XOM: 2-stop teleportation journey
 18142 | D:11     | Reached skill level 10 in Armour
 18142 | D:11     | XOM: silly message
 18158 | D:11     | XOM: 6-stop teleportation journey
 18205 | D:11     | XOM: mild Tmut miscast
 18417 | D:11     | XOM: noise
 18555 | D:11     | XOM: harmless Necr miscast
 18685 | D:11     | XOM: god gift: potion of heal wounds
 18750 | D:11     | XOM: medium Necr miscast
 18779 | D:11     | XOM: harmless Ice miscast
 18990 | D:12     | Entered Level 12 of the Dungeon
 19050 | D:12     | Found Lonib's Assorted Antiques.
 19062 | D:12     | XOM: fog
 19076 | D:12     | Bought a scroll labeled YBECRA TUOCK for 26 gold pieces
 19076 | D:12     | Bought a scroll of fog for 52 gold pieces
 19111 | D:12     | XOM: cleaving
 19210 | D:12     | XOM: chaos upgrade
 19233 | D:12     | Identified the Grimoire of Confrontation and Calling
 19257 | D:12     | XOM: smoke on damage
 19418 | D:12     | Found a staircase to the Depths.
 19421 | D:12     | Noticed a fire giant
 19430 | D:12     | Killed a fire giant
 19431 | D:12     | Reached XP level 15. HP: 83/120 MP: 18/27
 19433 | D:12     | XOM: divination: detect creatures
 19530 | D:12     | XOM: silly message
 19840 | D:12     | Reached skill level 10 in Invocations
 20165 | D:12     | XOM: cloud trail
 20267 | D:8      | XOM: divination: magic mapping
 20322 | Orc      | Entered the Orcish Mines
 20382 | Orc      | XOM: divination: detect items
 20506 | Orc      | Reached ****** piety under Qazlal
 20584 | Orc      | XOM: potion effect (brilliance)
 20595 | Orc      | XOM: blink monster(s)
 20607 | Orc      | XOM: confuse monster(s)
 20618 | Orc      | Paralysed by an orc sorcerer for 4 turns
 20672 | Orc      | XOM: polymorph orc warrior -> howler monkey
 20690 | Orc      | Noticed an orc warlord
 20715 | Orc      | Killed an orc warlord
 20825 | Orc      | XOM: stat loss: -1 Dex (13/14)
 20867 | Orc      | Found a viscous altar of Jiyva.
 20871 | Orc      | Found a staircase to the Slime Pits.
 20977 | Orc      | Found a roughly hewn altar of Beogh.
 20983 | Orc      | Found Nuess's Assorted Antiques.
 20991 | Orc      | Bought a lumpy inky potion for 26 gold pieces
 20991 | Orc      | Bought a fizzy pink potion for 26 gold pieces
 20991 | Orc      | Bought a lumpy inky potion for 26 gold pieces
 21036 | Orc      | Bought a cabochon ring for 145 gold pieces
 21149 | Orc      | Found a roughly hewn altar of Beogh.
 21150 | Orc      | Found Tigguw's Antique Weapon Shop.
 21198 | Orc      | Found a roughly hewn altar of Beogh.
 21250 | Orc      | XOM: god gift: glowing long sword {god gift}
 21322 | Orc      | XOM: god gift: rapier {god gift}
 21391 | Orc      | Found a roughly hewn altar of Beogh.
 21549 | Orc      | XOM: give mutations
 21549 | Orc      | Gained mutation: You are resistant to hostile enchantments.
                  | (MR+) [Xom's grace]
 21549 | Orc      | Gained mutation: You are agile. (Dex +2) [Xom's grace]
 21549 | Orc      | Gained mutation: Your system is resistant to poisons.
                  | (rPois) [Xom's grace]
 21567 | Orc      | Found a roughly hewn altar of Beogh.
 21579 | Orc      | XOM: severe Tloc miscast
 21579 | Orc      | Cast into level 1 of the Abyss (the severe capriciousness
                  | of Xom)
 21579 | Abyss:1  | Found a corrupted altar of Lugonu.
 21629 | Abyss:1  | XOM: fake destruction
 21664 | Orc      | Escaped the Abyss
 21710 | Orc      | Found Yry Fomp's Antique Armour Boutique.
 21711 | Orc      | Found a roughly hewn altar of Beogh.
 21718 | Orc      | Found Yngy's Antique Weapon Shop.
 21806 | Orc      | Bought a runed demon whip for 558 gold pieces
 21931 | D:7      | XOM: medium Tloc miscast
 21974 | D:6      | Bought the ring "Coasufu" {rPois rF+ Str-4 Int+2 Slay+3}
                  | for 593 gold pieces
 21974 | D:6      | Bought the ring "Vecatz" {Fire *Drain MR++} for 417 gold
                  | pieces
 22439 | Lair:6   | XOM: harmless Tmut miscast
 22528 | Shoals:1 | Entered Level 1 of the Shoals
 22677 | Shoals:1 | XOM: blink monster(s)
 22684 | Shoals:1 | Reached skill level 10 in Evocations
 22720 | Shoals:1 | XOM: stat loss: -1 Dex (11/12)
 22838 | Shoals:1 | XOM: mild Summ miscast
 22869 | Shoals:1 | XOM: stat loss: -1 Str (19/20)
 22999 | Shoals:1 | XOM: harmless Fire miscast
 23404 | Shoals:2 | XOM: smoke on damage
 23501 | Shoals:1 | XOM: give mutation
 23501 | Shoals:1 | Lost mutation: You expend magic power (3 MP) to strengthen
                  | your wands. [Xom's mischief]
 23515 | Shoals:1 | XOM: 10-stop teleportation journey
 23744 | Shoals:2 | Reached XP level 16. HP: 104/132 MP: 28/28
 23971 | Shoals:2 | Noticed polpettosauro's ghost (adept HOFi)
 23972 | Shoals:2 | Found a transporter.
 24144 | Shoals:2 | Found a transporter.
 24278 | Shoals:2 | Identified the ring of Wopad {rN+ Dex+3}
 24388 | Shoals:3 | Entered Level 3 of the Shoals
 24395 | Shoals:3 | XOM: swap monsters
 24438 | Shoals:3 | Reached skill level 15 in Fighting
 24465 | Shoals:3 | XOM: scenery: create altars
 24482 | Shoals:3 | XOM: summons 10 friendly demons
 24504 | Shoals:3 | XOM: cleaving
 24520 | Shoals:3 | XOM: fog
 24698 | Shoals:3 | XOM: fog
 24704 | Shoals:3 | XOM: summons friendly crimson imp
 24710 | Shoals:3 | XOM: cast spell 'Steam Barrier'
 24721 | Shoals:3 | XOM: silly message
 24733 | Shoals:3 | XOM: noise
 24735 | Shoals:3 | XOM: divination: magic mapping
 24736 | Shoals:3 | XOM: smoke on damage
 24783 | Shoals:2 | XOM: god gift: morningstar {god gift}
 24966 | Shoals:3 | Noticed Polyphemus
 24988 | Shoals:3 | XOM: confuse monster(s)
 24994 | Shoals:3 | XOM: cleaving
 25000 | Shoals:3 | Killed Polyphemus
 25028 | Shoals:3 | XOM: divination: detect items
 25029 | Shoals:3 | XOM: confuse monster(s)
 25030 | Shoals:3 | Reached skill level 10 in Shields
 25264 | Shoals:3 | XOM: confuse monster(s)
 25403 | Shoals:3 | XOM: polymorph snapping turtle -> hippogriff
 25404 | Shoals:3 | Noticed a frost giant
 25424 | Shoals:3 | XOM: confuse monster(s)
 25433 | Shoals:3 | Killed a frost giant
 25451 | Shoals:3 | Got a barnacled rune of Zot
 25477 | Shoals:3 | XOM: harmless Hex miscast
 25521 | Shoals:3 | Identified the ring "Nazielet" {Ice Str+4}
 25615 | Shoals:3 | Identified the +4 robe of Qoit {+Inv rPois MR+ Int+2} (Xom
                  | gifted it to you on level 3 of the Shoals)
 25615 | Shoals:3 | XOM: god gift: +4 robe of Qoit {+Inv rPois MR+ Int+2}
 25854 | Spider:1 | Entered Level 1 of the Spider Nest
 26032 | Spider:1 | Reached XP level 17. HP: 140/140 MP: 29/29
 26037 | Spider:1 | XOM: noise
 26086 | Spider:1 | XOM: medium Erth miscast
 26099 | Spider:1 | XOM: cast spell 'Summon Scorpions'
 26285 | Spider:1 | XOM: scenery: create altars
 26314 | Spider:1 | XOM: scenery: create altars
 26644 | Spider:2 | XOM: cleaving
 26661 | Spider:2 | XOM: give mutations
 26661 | Spider:2 | Gained mutation: You are partially covered in yellow
                  | scales. (AC +2) [Xom's grace]
 26661 | Spider:2 | Gained mutation: You are partially covered in large bone
                  | plates. (SH +4) [Xom's grace]
 26908 | Spider:2 | XOM: potion effect (berserk rage)
 27390 | Spider:3 | Entered Level 3 of the Spider Nest
 27393 | Spider:3 | XOM: 11-stop teleportation journey
 27451 | Spider:3 | XOM: polymorph jumping spider -> elephant
 27451 | Spider:3 | Noticed Arachne
 27471 | Spider:2 | Killed Arachne
 27472 | Spider:2 | Reached skill level 15 in Shields
 27503 | Spider:2 | XOM: scenery: create altars
 27620 | Spider:2 | XOM: cast spell 'Discord'
 27760 | Spider:2 | XOM: cast spell 'Summon Dragon'
 27905 | Spider:3 | XOM: summons friendly sixfirhy
 28122 | Spider:3 | XOM: give mutations
 28122 | Spider:3 | Lost mutation: You occasionally shout uncontrollably at
                  | your foes. [Xom's mischief]
 28122 | Spider:3 | Lost mutation: You are resistant to hostile enchantments.
                  | (MR+) [Xom's mischief]
 28127 | Spider:3 | XOM: medium Fire miscast
 28350 | Spider:3 | XOM: draining
 28436 | Spider:3 | XOM: harmless Erth miscast
 28440 | Spider:3 | XOM: cleaving
 28457 | Spider:3 | XOM: swap monsters
 28458 | Spider:3 | Reached XP level 18. HP: 115/146 MP: 24/30
 28561 | Spider:3 | XOM: mild Tloc miscast
 28565 | Spider:3 | XOM: polymorph emperor scorpion -> iron dragon
 28620 | Spider:3 | Got a gossamer rune of Zot
 29093 | D:12     | XOM: cloud trail
 29099 | D:12     | XOM: give mutations
 29099 | D:12     | Lost mutation: You possess an exceptional clarity of mind.
                  | [Xom's mischief]
 29099 | D:12     | Lost mutation: You are frail. (-10% HP) [Xom's mischief]
 29212 | D:12     | XOM: give mutations
 29212 | D:12     | Gained mutation: Your natural rate of healing is unusually
                  | fast. [Xom's grace]
 29212 | D:12     | Gained mutation: Your flesh is cold resistant. (rC+) [Xom's
                  | grace]
 29212 | D:12     | Gained mutation: You are robust. (+10% HP) [Xom's grace]
 29234 | D:12     | XOM: harmless Erth miscast
 29239 | Depths:1 | Entered Level 1 of the Depths
 29371 | D:12     | XOM: noise
 29484 | Vaults:1 | Entered Level 1 of the Vaults
 29500 | Vaults:1 | XOM: confuse monster(s)
 29561 | Vaults:1 | XOM: scenery: 1 doors open, 1 doors close
 29597 | Vaults:2 | Noticed Margery
 29612 | Vaults:2 | XOM: scenery: 2 doors close
 29613 | Vaults:2 | Killed Margery
 29689 | Vaults:1 | Identified the ring of Lyarabb {rC+ rCorr}
 29755 | Vaults:1 | XOM: 1-stop teleportation journey
 29776 | Vaults:1 | XOM: summons friendly shadow imp
 29852 | Vaults:1 | XOM: scenery: create altars
 29870 | Vaults:1 | XOM: scenery: 1 doors close
 29879 | Vaults:1 | XOM: divine lightning
 29920 | Vaults:1 | XOM: divine lightning
 29928 | Vaults:1 | XOM: divine lightning
 29929 | Vaults:1 | XOM: scenery: 1 doors close
 29932 | Vaults:1 | XOM: 1-stop teleportation journey
 30169 | Vaults:1 | XOM: destruction
 30176 | Vaults:1 | XOM: polymorph deep elf mage -> eye of draining
 30306 | Vaults:1 | XOM: give mutations
 30306 | Vaults:1 | Gained mutation: You have hoof-like feet. [Xom's grace]
 30306 | Vaults:1 | Gained mutation: You possess an exceptional clarity of
                  | mind. [Xom's grace]
 30306 | Vaults:1 | Gained mutation: You are somewhat resistant to both further
                  | mutation and mutation removal. [Xom's grace]
 30310 | Vaults:1 | XOM: god gift: +0 large shield of reflection
 30392 | Vaults:1 | XOM: noise
 30443 | Vaults:1 | Found Ubewicse's Jewellery Shop.
 30545 | Vaults:1 | XOM: noise
 30832 | Vaults:2 | Reached XP level 19. HP: 187/187 MP: 31/31
 30915 | Vaults:2 | Found Guco's Antique Armour Boutique.
 30920 | Vaults:2 | Found a staircase to the Crypt.
 30923 | Vaults:2 | Bought an encrusted plate armour for 700 gold pieces
 30923 | Vaults:2 | Identified the cursed +1 plate armour of Ru's Envy {Int+5
                  | Dex-4 Slay+5} (You bought it in a shop on level 2 of the
                  | Vaults)
 31051 | Vaults:2 | XOM: fog
 31109 | Vaults:2 | Identified the ring "Uthraz" {rElec rPois rF+ MP+9 Int-5}
 31182 | Vaults:2 | XOM: scenery: create altars
 31199 | Vaults:2 | XOM: fog
 31228 | Vaults:2 | XOM: divine lightning
 31284 | Vaults:2 | XOM: summons friendly sixfirhy
 31311 | Vaults:2 | Identified the ring "Xifuerad" {rPois MR- Str+2 Stlth--}
 31394 | Vaults:2 | XOM: fog
 31449 | Vaults:2 | XOM: cleaving
 31643 | Vaults:2 | XOM: harmless Tmut miscast
 31695 | Vaults:2 | Identified the scarf of Analysis {clouds, *Corrode Dex+4
                  | Slay+4 SInv}
 31856 | Vaults:2 | Identified the ring of Propriety {rPois rCorr Stlth+}
 32007 | Vaults:2 | XOM: noise
 32033 | Vaults:2 | XOM: 10-stop teleportation journey
 32085 | Vaults:2 | XOM: silly message
 32417 | Slime:1  | Entered Level 1 of the Pits of Slime
 32519 | Slime:1  | XOM: summons friendly white imp
 32525 | Slime:1  | XOM: polymorph white imp -> shadow imp
 32654 | Slime:2  | Noticed Donald
 32655 | Slime:2  | XOM: destruction
 32718 | Slime:2  | Killed Donald
 32910 | Slime:2  | XOM: harmless Pois miscast
 33156 | Slime:4  | Reached XP level 20. HP: 147/195 MP: 24/33
 33209 | Slime:3  | XOM: summons 14 friendly demons
 33290 | Slime:3  | XOM: harmless Fire miscast
 33298 | Slime:4  | XOM: confuse monster(s)
 33302 | Slime:4  | XOM: cast spell 'Summon Ice Beast'
 33327 | Slime:5  | Entered Level 5 of the Pits of Slime
 33330 | Slime:5  | XOM: swap monsters
 33380 | Slime:4  | XOM: cast spell 'Statue Form'
 33430 | Slime:4  | XOM: enchant monster (good)
 33436 | Slime:4  | XOM: divination: detect items
 33446 | Slime:5  | XOM: polymorph slime creature -> lindwurm
 33455 | Slime:5  | XOM: enchant monster (good)
 33474 | Slime:5  | XOM: confuse monster(s)
 33475 | Slime:5  | Noticed the Royal Jelly
 33542 | Slime:5  | Killed the Royal Jelly
 33545 | Slime:5  | XOM: potion effect (haste)
 33556 | Slime:5  | XOM: polymorph slime creature -> yak
 33559 | Slime:5  | XOM: summons friendly white imp
 33567 | Slime:5  | XOM: confuse monster(s)
 33684 | Slime:5  | Identified the +8 longbow of Turmoil {speed, rF++ Str+6}
 33728 | Slime:5  | Identified Bokk's Almanac of Spatial Boosts
 33781 | Slime:5  | Identified the +9 great mace of the Harvest {freeze, Dex+2}
 33833 | Slime:5  | Got a slimy rune of Zot
 33920 | Slime:3  | XOM: god gift: 14 gold pieces
 34050 | Orc      | XOM: cloud trail
 34269 | Vaults:3 | Entered Level 3 of the Vaults
 34271 | Vaults:3 | XOM: confuse monster(s)
 34274 | Vaults:3 | Reached skill level 10 in Spellcasting
 34281 | Vaults:3 | XOM: scenery: create altars
 34281 | Vaults:3 | Noticed a golden dragon
 34286 | Vaults:3 | XOM: summons 6 friendly demons
 34292 | Vaults:3 | Reached XP level 21. HP: 190/205 MP: 35/35
 34292 | Vaults:3 | Killed a golden dragon
 34302 | Vaults:3 | XOM: enchant monster (bad)
 34313 | Vaults:3 | Noticed Boris
 34324 | Vaults:3 | XOM: chaos upgrade
 34329 | Vaults:3 | XOM: blink monster(s)
 34355 | Vaults:2 | XOM: summons 9 hostile demons
 34398 | Vaults:3 | Killed Boris
 34408 | Vaults:3 | XOM: 3-stop teleportation journey
 34418 | Vaults:3 | XOM: enchant monster (bad)
 34435 | Vaults:3 | XOM: harmless Tmut miscast
 34450 | Vaults:3 | Identified the ring of Dissent {Fire rElec Slay+2 SInv}
 34457 | Vaults:3 | XOM: noise
 34484 | Vaults:3 | XOM: cleaving
 34486 | Vaults:3 | XOM: enchant monster (good)
 34552 | Vaults:3 | XOM: polymorph tentacled monstrosity -> hellephant
 34582 | Vaults:3 | XOM: harmless Summ miscast
 34597 | Vaults:3 | XOM: enchant monster (bad)
 34603 | Vaults:3 | Reached skill level 15 in Invocations
 34604 | Vaults:3 | Identified the +8 shortbow of Zooly {velocity, rElec Str+2}
 34610 | Vaults:3 | XOM: confuse monster(s)
 34704 | Vaults:3 | Reached skill level 15 in Throwing
 34720 | Vaults:3 | Identified the Volume of Augmentations and Attacks
 34723 | Vaults:3 | Identified the +6 whip of the Leaping Ass {slash, rC+
                  | Str+2}
 34741 | Vaults:3 | Noticed a juggernaut
 34742 | Vaults:3 | XOM: summons friendly crimson imp
 34745 | Vaults:3 | XOM: polymorph crimson imp -> white imp
 34750 | Vaults:3 | Noticed a golden dragon
 34756 | Vaults:3 | Killed a juggernaut
 34757 | Vaults:3 | Reached XP level 22. HP: 158/213 MP: 36/36
 34762 | Vaults:3 | XOM: enchant monster (bad)
 34766 | Vaults:3 | Killed a golden dragon
 35032 | Vaults:3 | XOM: noise
 35117 | Vaults:3 | Reached skill level 15 in Evocations
 35157 | Vaults:3 | XOM: enchant monster (bad)
 35168 | Vaults:3 | XOM: 1-stop teleportation journey
 35301 | Vaults:3 | XOM: mild Erth miscast
 35388 | Vaults:3 | Got a silver rune of Zot
 35602 | D:12     | XOM: give mutations
 35602 | D:12     | Lost mutation: You are agile. (Dex +2) [Xom's mischief]
 35602 | D:12     | Lost mutation: Scrolls take you a little longer to read.
                  | [Xom's mischief]
 35602 | D:12     | Lost mutation: You have a beak for a mouth. [Xom's
                  | mischief]
 35604 | D:12     | XOM: give mutation
 35604 | D:12     | Lost mutation: Your muscles are strong. (Str +2) [Xom's
                  | mischief]
 35953 | Depths:1 | Found a gateway to Hell.
 35960 | Depths:1 | Identified the cursed +0 chain mail "Heuffus" {Int+2
                  | Slay+2}
 36108 | Depths:1 | XOM: 3-stop teleportation journey
 36136 | Depths:1 | XOM: summons friendly iron imp
 36254 | Depths:1 | XOM: harmless Tloc miscast
 36385 | Depths:1 | XOM: cast spell 'Call Canine Familiar'
 36532 | Depths:1 | Found a one-way gate to the infinite horrors of the Abyss.
 36613 | Depths:1 | XOM: cast spell 'Leda's Liquefaction'
 36625 | Depths:1 | XOM: summons friendly shadow imp
 36641 | Depths:1 | XOM: summons friendly ufetubus
 36655 | Depths:1 | XOM: cleaving
 36661 | Depths:1 | XOM: polymorph shadow imp -> ufetubus
 36715 | Depths:1 | XOM: polymorph ufetubus -> white imp
 36749 | Depths:1 | Found a burning altar of Makhleb.
 36757 | Depths:1 | XOM: god gift: 34 gold pieces
 36802 | Depths:1 | Found a burning altar of Makhleb.
 36803 | Depths:1 | Found the cursed +14 obsidian axe {chop, +Fly SInv *Curse}
 37057 | Depths:1 | XOM: 1-stop teleportation journey
 37058 | Depths:1 | Found a gateway to a ziggurat.
 37132 | Depths:1 | XOM: mild Summ miscast
 37249 | Depths:2 | XOM: stealth player
 37278 | Depths:2 | Found a one-way gate leading to the halls of Pandemonium.
 37285 | Depths:2 | XOM: divination: magic mapping
 37308 | Depths:2 | XOM: potion effect (berserk rage)
 37320 | Depths:2 | Identified the +0 pair of gloves "Plog" {MR++ rCorr Str-5
                  | Dex+4} (You acquired it on level 2 of the Depths)
 37320 | Depths:2 | Identified the ring of Xeomiz {rF+ rN+ Dex+4 SInv} (You
                  | acquired it on level 2 of the Depths)
 37381 | Depths:2 | XOM: enchant monster (good)
 37468 | Depths:2 | XOM: harmless Hex miscast
 37511 | Depths:2 | XOM: harmless Pois miscast
 37582 | Depths:2 | XOM: mild Pois miscast
 37604 | Depths:2 | Reached XP level 23. HP: 164/223 MP: 36/37
 37678 | Depths:2 | XOM: 1-stop teleportation journey
 37861 | Depths:2 | XOM: enchant monster (good)
 37871 | Depths:2 | Identified the Catalogue of Evil Secrets
 38008 | Depths:2 | XOM: harmless Summ miscast
 38016 | Depths:2 | XOM: enchant monster (good)
 38040 | Depths:2 | XOM: confuse monster(s)
 38051 | Depths:2 | XOM: cast spell 'Alistair's Intoxication'
 38064 | Depths:2 | Identified the Collected Works on Calling
 38219 | Depths:2 | XOM: divination: magic mapping
 38262 | Depths:2 | Identified the Almanac of Envenoming
 38335 | Depths:2 | XOM: enchant monster (bad)
 38370 | Depths:2 | Identified Sif Muna's Compendium of Transmigration
 38632 | Depths:2 | XOM: potion effect (agility)
 38638 | Depths:2 | XOM: confuse monster(s)
 38641 | Depths:2 | XOM: divination: detect creatures
 38657 | Depths:2 | Identified the +1 whip "Exzyoleg" {slash, rC+ Stlth+}
 38657 | Depths:2 | Identified the Grimoire of Supportive Evil Magic
 38657 | Depths:2 | Identified the +4 war axe of Jasint {holy, rElec}
 38745 | Depths:2 | XOM: mild Necr miscast
 39261 | Depths:3 | Noticed Boris
 39399 | Depths:3 | XOM: blink monster(s)
 39408 | Depths:3 | Killed Boris
 39408 | Depths:3 | XOM: polymorph spriggan defender -> spriggan defender
 39409 | Depths:3 | XOM: harmless Chrm miscast
 39515 | Depths:3 | XOM: scenery: create altars
 39604 | Depths:3 | XOM: enchant monster (good)
 40080 | Depths:3 | Identified the ring of the Thistle {Fire Int+3}
 40266 | Depths:3 | Reached XP level 24. HP: 189/237 MP: 36/37
 40404 | Depths:3 | XOM: scenery: create altars
 40569 | Depths:4 | XOM: enchant monster (good)
 40579 | Depths:4 | Noticed Sojobo
 40592 | Depths:3 | XOM: noise
 40610 | Depths:3 | XOM: give mutations
 40610 | Depths:3 | Gained mutation: Your mind is acute. (Int +2) [Xom's grace]
 40610 | Depths:3 | Gained mutation: You are agile. (Dex +2) [Xom's grace]
 40610 | Depths:3 | Gained mutation: You have a pair of antennae on your head.
                  | [Xom's grace]
 40610 | Depths:3 | Gained mutation: You passively map a small area around you.
                  | [Xom's grace]
 40612 | Depths:3 | Killed Sojobo
 40708 | Depths:4 | Noticed a caustic shrike
 40708 | Depths:4 | Noticed a caustic shrike
 40709 | Depths:4 | Noticed a caustic shrike
 40710 | Depths:4 | Noticed a caustic shrike
 40730 | Depths:3 | XOM: give mutations
 40730 | Depths:3 | Lost mutation: You are agile. (Dex +2) [Xom's mischief]
 40730 | Depths:3 | Lost mutation: You have a pair of antennae on your head.
                  | [Xom's mischief]
 40730 | Depths:3 | Lost mutation: You have hoof-like feet. [Xom's mischief]
 40755 | Depths:4 | XOM: repel stairs
 40763 | Depths:4 | XOM: divine lightning
 40764 | Depths:4 | XOM: polymorph stone giant -> sphinx
 40772 | Depths:4 | Noticed a golden dragon
 40778 | Depths:4 | Reached skill level 15 in Armour
 40786 | Depths:4 | XOM: summons friendly crimson imp
 40789 | Depths:4 | XOM: cleaving
 40791 | Depths:4 | XOM: scenery: create altars
 40802 | Depths:4 | Found Realer's Food Emporium.
 40809 | Depths:4 | XOM: summons friendly orange demon
 40942 | Depths:3 | XOM: cleaving
 40944 | Depths:3 | XOM: enchant monster (good)
 40947 | Depths:3 | Killed a caustic shrike
 40979 | Depths:3 | XOM: divine lightning
 40980 | Depths:3 | Killed a caustic shrike
 40980 | Depths:3 | XOM: divine lightning
 40982 | Depths:3 | Killed a caustic shrike
 40982 | Depths:3 | Killed a caustic shrike
 41041 | Depths:3 | XOM: cloud trail
 41073 | Depths:4 | Killed a golden dragon
 41080 | Depths:4 | XOM: polymorph yaktaur -> blink frog
 41122 | Depths:4 | XOM: god gift: scroll of summoning
 41333 | Depths:4 | Identified the ring of Huih {Ice Dex+2}
 41381 | Depths:4 | XOM: give mutation
 41381 | Depths:4 | Gained mutation: You expend magic power (3 MP) to
                  | strengthen your wands. [Xom's grace]
 41574 | Depths:4 | Identified the +11 war axe "Yguupuot" {drain, rPois MP+9
                  | Str+2}
 41576 | Depths:4 | Identified the cursed ring of Orintag {EV-2 Str+7}
 41733 | Depths:4 | XOM: 6-stop teleportation journey
 41821 | Depths:4 | XOM: medium Conj miscast
 41990 | Depths:4 | Voluntarily entered the Abyss.
 41990 | Abyss:2  | Found a corrupted altar of Lugonu.
 42021 | Abyss:2  | XOM: swap monsters
 42031 | Abyss:2  | XOM: medium Necr miscast
 42083 | Abyss:2  | XOM: harmless Summ miscast
 42103 | Abyss:2  | XOM: torment (159/242 hp)
 42106 | Abyss:2  | XOM: harmless Tmut miscast
 42116 | Abyss:2  | XOM: chaos cloud
 42194 | Abyss:2  | XOM: chaos cloud
 42200 | Abyss:2  | XOM: summons friendly iron imp
 42312 | Abyss:2  | XOM: divine lightning
 42319 | Depths:4 | Escaped the Abyss
 42407 | Depths:4 | Voluntarily entered the Abyss.
 42464 | Abyss:3  | XOM: cloud trail
 42514 | Abyss:3  | XOM: divination: magic mapping
 42519 | Abyss:3  | XOM: summons 4 friendly demons
 42521 | Abyss:3  | XOM: summons 2 hostile shadow creatures
 42528 | Abyss:3  | XOM: polymorph green draconian scorcher -> greenwood witch
 42536 | Abyss:3  | Reached XP level 25. HP: 128/249 MP: 37/37
 42537 | Abyss:3  | XOM: potion effect (brilliance)
 42561 | Abyss:3  | XOM: destruction
 42593 | Abyss:3  | Found a corrupted altar of Lugonu.
 42594 | Abyss:3  | Found a transporter.
 42599 | Abyss:3  | Found a transporter.
 42601 | Abyss:3  | Got an abyssal rune of Zot
 42616 | Depths:4 | Escaped the Abyss
 42652 | Depths:5 | Entered Level 5 of the Depths
 42742 | Depths:5 | XOM: divination: detect items
 42743 | Depths:5 | XOM: divination: magic mapping
 42748 | Depths:5 | Noticed a golden dragon
 42749 | Depths:5 | XOM: divination: magic mapping
 42754 | Depths:5 | Noticed Boris
 42865 | Depths:5 | XOM: potion effect (agility)
 42877 | Depths:5 | Noticed a golden dragon
 42882 | Depths:5 | XOM: silly message
 42886 | Depths:5 | XOM: divination: detect creatures
 42889 | Depths:5 | Noticed a golden dragon
 42890 | Depths:4 | Killed a golden dragon
 42905 | Depths:4 | XOM: potion effect (heal wounds)
 42931 | Depths:4 | XOM: cast spell 'Cause Fear'
 42938 | Depths:4 | Killed a golden dragon
 42949 | Depths:4 | Killed Boris
 43022 | Depths:4 | XOM: harmless Erth miscast
 43095 | Depths:4 | XOM: mild Air miscast
 43134 | Depths:5 | XOM: polymorph green draconian knight -> alligator
 43208 | Depths:5 | XOM: confuse monster(s)
 43231 | Depths:5 | XOM: summons friendly white imp
 43237 | Depths:5 | XOM: summons 2 friendly demons
 43311 | Depths:4 | XOM: fog
 43337 | Depths:4 | XOM: stat loss: -1 Str (24/25)
 43344 | Depths:4 | Killed a golden dragon
 43430 | Depths:5 | XOM: harmless Erth miscast
 43515 | Depths:5 | XOM: enchant monster (bad)
 43517 | Depths:5 | XOM: enchant monster (bad)
 43574 | Depths:5 | XOM: noise
 43793 | Depths:5 | Identified the +4 chain mail "Ahenoic Niru" {rElec rPois}
 43982 | Depths:5 | XOM: enchant monster (good)
 44018 | Depths:5 | XOM: scenery: 1 doors open, 1 doors close
 44033 | Depths:5 | XOM: scenery: 1 fountains blood, 1 doors close
 44119 | Depths:5 | XOM: god gift: 303 gold pieces
 44145 | Depths:5 | Identified the Disquisition on Poisoning and the Blaze
 44446 | Depths:5 | Found a gate to the Realm of Zot.
 44456 | Zot:1    | Entered Level 1 of the Realm of Zot
 44460 | Zot:1    | XOM: polymorph quicksilver dragon -> something unseen
 44480 | Zot:1    | XOM: swap monsters
 44496 | Zot:1    | XOM: noise
 44738 | Zot:1    | XOM: repel stairs
 44744 | Zot:1    | XOM: chaos cloud
 44757 | Zot:1    | XOM: 2-stop teleportation journey
 44863 | Zot:1    | Reached XP level 26. HP: 220/262 MP: 37/37
 44863 | Zot:1    | XOM: blink monster(s)
 44866 | Zot:1    | XOM: swap monsters
 44946 | Zot:1    | XOM: give mutations
 44946 | Zot:1    | Lost mutation: You have large cloven feet. [Xom's mischief]
 44946 | Zot:1    | Lost mutation: Your mind is acute. (Int +2) [Xom's
                  | mischief]
 44946 | Zot:1    | Lost mutation: You passively map a small area around you.
                  | [Xom's mischief]
 44961 | Zot:1    | XOM: torment (174/262 hp)
 45030 | Zot:1    | XOM: cloud trail
 45328 | Zot:2    | Noticed a Killer Klown
 45336 | Zot:2    | Killed a Killer Klown
 45368 | Zot:2    | XOM: divination: detect creatures
 45442 | Zot:2    | XOM: noise
 45506 | Zot:2    | Noticed an orb of fire
 45510 | Zot:2    | XOM: cleaving
 45517 | Zot:2    | Gained mutation: Your magical capacity is low. (-10% MP)
                  | [an orb of fire]
 45521 | Zot:2    | XOM: summons friendly ufetubus
 45521 | Zot:2    | Gained mutation: Your body sometimes deteriorates upon
                  | taking damage. [an orb of fire]
 45532 | Zot:2    | Gained mutation: Your magical capacity is very low. (-20%
                  | MP) [an orb of fire]
 45533 | Zot:2    | Gained mutation: You occasionally shout uncontrollably at
                  | your foes. [an orb of fire]
 45540 | Zot:2    | XOM: enchant monster (good)
 45543 | Zot:2    | XOM: god gift: 1093 gold pieces
 45544 | Zot:2    | Killed an orb of fire
 45654 | Zot:2    | Noticed Xtahua
 45687 | Zot:2    | Noticed a golden dragon
 45688 | Zot:2    | XOM: divination: magic mapping
 45711 | Zot:2    | XOM: cast spell 'Summon Hydra'
 45748 | Zot:1    | XOM: summons friendly iron imp
 45754 | Zot:1    | Killed Xtahua
 45755 | Zot:1    | Found the +6 fire dragon scales of Xtahua {rF+++ rC- MR+}
 45791 | Zot:1    | XOM: enchant monster (good)
 45812 | Zot:2    | XOM: polymorph red draconian shifter -> acid blob
 45829 | Zot:1    | Killed a golden dragon
 45915 | Zot:2    | XOM: repel stairs
 45916 | Zot:2    | XOM: chaos upgrade
 45920 | Zot:2    | XOM: smoke on damage
 45931 | Zot:2    | XOM: polymorph red draconian -> quicksilver dragon
 45934 | Zot:2    | XOM: chaos cloud
 46033 | Zot:2    | XOM: harmless Chrm miscast
 46262 | Zot:2    | Noticed a Killer Klown
 46263 | Zot:2    | XOM: noise
 46267 | Zot:2    | XOM: potion effect (might)
 46270 | Zot:2    | XOM: divination: detect creatures
 46285 | Zot:2    | XOM: cast spell 'Summon Small Mammal'
 46288 | Zot:2    | XOM: harmless Tloc miscast
 46293 | Zot:2    | Killed a Killer Klown
 46573 | Zot:2    | XOM: 1-stop teleportation journey
 46621 | Zot:2    | XOM: silly message
 46627 | Zot:2    | Noticed a golden dragon
 46654 | Zot:2    | Killed a golden dragon
 46656 | Zot:2    | Noticed a golden dragon
 46662 | Zot:2    | XOM: confuse monster(s)
 46663 | Zot:2    | Reached XP level 27. HP: 249/275 MP: 29/29
 46687 | Zot:2    | Killed a golden dragon
 47039 | Zot:3    | XOM: polymorph tentacled monstrosity -> hellephant
 47060 | Zot:3    | Noticed a golden dragon
 47072 | Zot:3    | Killed a golden dragon
 47483 | Zot:3    | XOM: smoke on damage
 47671 | Zot:3    | XOM: butterfly on damage
 48255 | Zot:4    | XOM: 1-stop teleportation journey
 48262 | Zot:5    | Entered Level 5 of the Realm of Zot
 48263 | Zot:5    | Noticed a golden dragon
 48273 | Zot:5    | XOM: divine lightning
 48308 | Zot:5    | XOM: harmless Summ miscast
 48311 | Zot:5    | Killed a golden dragon
 48364 | Zot:5    | XOM: divine lightning
 48398 | Zot:5    | XOM: enchant monster (bad)
 48399 | Zot:5    | XOM: swap monsters
 48538 | Zot:4    | Noticed a golden dragon
 48543 | Zot:4    | Killed a golden dragon
 48544 | Zot:4    | Noticed a golden dragon
 48548 | Zot:4    | Killed a golden dragon
 48570 | Zot:4    | Noticed a golden dragon
 48573 | Zot:4    | XOM: summons 6 friendly demons
 48588 | Zot:4    | Noticed an orb of fire
 48611 | Zot:5    | Killed a golden dragon
 48615 | Zot:5    | Gained mutation: Armour fits poorly on your strangely
                  | shaped body. [an orb of fire]
 48616 | Zot:5    | XOM: god gift: staff of wizardry
 48626 | Zot:5    | Killed an orb of fire
 48643 | Zot:4    | XOM: enchant monster (good)
 48650 | Zot:4    | XOM: enchant monster (good)
 48659 | Zot:4    | XOM: destruction
 48742 | Zot:4    | Noticed an orb of fire
 48754 | Zot:4    | Gained mutation: You are weak. (Str -2) [an orb of fire]
 48755 | Zot:4    | XOM: confuse monster(s)
 48757 | Zot:4    | XOM: fake destruction
 48769 | Zot:4    | Killed an orb of fire
 48938 | Zot:4    | Noticed a golden dragon
 48939 | Zot:4    | XOM: fog
 48947 | Zot:4    | Killed a golden dragon
 48985 | Zot:4    | XOM: summons 3 friendly demons
 49150 | Zot:5    | XOM: cast spell 'Summon Hydra'
 49190 | Zot:5    | XOM: 2-stop teleportation journey
 49206 | Zot:5    | Noticed an orb of fire
 49208 | Zot:5    | XOM: confuse monster(s)
 49228 | Zot:5    | Killed an orb of fire
 49361 | Zot:5    | Noticed an ancient lich
 49366 | Zot:5    | XOM: harmless Pois miscast
 49380 | Zot:5    | Killed an ancient lich
 49402 | Zot:5    | Noticed a Killer Klown
 49403 | Zot:5    | Noticed an orb of fire
 49409 | Zot:5    | XOM: medium Conj miscast
 49413 | Zot:5    | Noticed an ancient lich
 49415 | Zot:5    | XOM: scenery: create altars
 49417 | Zot:5    | Noticed an orb of fire
 49419 | Zot:5    | Killed an orb of fire
 49422 | Zot:5    | XOM: blink monster(s)
 49422 | Zot:5    | Killed an ancient lich
 49425 | Zot:5    | XOM: blink monster(s)
 49432 | Zot:5    | Killed an orb of fire
 49437 | Zot:5    | Killed a Killer Klown
 49451 | Zot:5    | XOM: cast spell 'Summon Mana Viper'
 49452 | Zot:5    | XOM: fog
 49510 | Zot:5    | Noticed a Killer Klown
 49515 | Zot:5    | Noticed an ancient lich
 49517 | Zot:5    | XOM: potion effect (heal wounds)
 49518 | Zot:5    | Killed a Killer Klown
 49520 | Zot:5    | XOM: cleaving
 49526 | Zot:5    | Killed an ancient lich
 49565 | Zot:5    | Noticed an orb of fire
 49567 | Zot:5    | Gained mutation: Scrolls take you a little longer to read.
                  | [an orb of fire]
 49583 | Zot:5    | XOM: fog
 49598 | Zot:5    | Killed an orb of fire
 49613 | Zot:5    | XOM: god gift: ration
 49629 | Zot:5    | Noticed a Killer Klown
 49659 | Zot:5    | XOM: cleaving
 49671 | Zot:5    | Killed a Killer Klown
 49684 | Zot:5    | Noticed a Killer Klown
 49684 | Zot:5    | XOM: cast spell 'Olgreb's Toxic Radiance'
 49686 | Zot:5    | XOM: harmless Ice miscast
 49691 | Zot:5    | XOM: divination: magic mapping
 49691 | Zot:5    | Noticed a Killer Klown
 49695 | Zot:5    | XOM: summons friendly iron imp
 49698 | Zot:5    | XOM: blink monster(s)
 49706 | Zot:5    | Killed a Killer Klown
 49715 | Zot:5    | Got the Orb of Zot
 49719 | Zot:5    | Noticed a seraph
 49720 | Zot:5    | Killed a Killer Klown
 49734 | Zot:5    | Noticed an orb of fire
 49736 | Zot:5    | Noticed an ancient lich
 49908 | Depths:5 | XOM: noise
 50016 | D:12     | Noticed Fucov the pandemonium lord
 50043 | D:12     | XOM: mild Fire miscast
 50088 | D:10     | Noticed Nunga the pandemonium lord
 50104 | D:9      | XOM: harmless Chrm miscast
 50294 | D:$      | Escaped with the Orb!

Skill      XL: |  1  2  3  4  5  6  7  8  9 10 11 12 13 14 15 16 17 18 19 20 21 22 23 24 25 26 27 |
---------------+----------------------------------------------------------------------------------+-----
Dodging        | 1 |  1.0
Throwing       | 1 2 5 6 9 10 11 12 13 15 16 | 16.0
Armour         | 3 4 5 6 8 9 10 11 12 14 15 18 20 | 20.0
Fighting       | 4 5 6 8 10 11 12 14 15 16 17 19 20 21 22 | 22.0
Stealth        | 1 2 4 5 |  5.0
Invocations    | 2 5 7 9 10 11 13 15 16 17 20 22 | 22.0
Evocations     | 1 5 6 8 10 12 14 15 20 | 20.9
Spellcasting   | 5 7 8 9 10 | 10.0
Shields        | 4 5 12 15 19 20 21 | 21.0
Short Blades   | | 22.0
Long Blades    | | 22.0
Axes           | | 22.0
Maces & Flails | | 22.0
Polearms       | | 22.0
Staves         | | 22.0
Unarmed Combat | | 22.0

Action                   |  1- 3 |  4- 6 |  7- 9 | 10-12 | 13-15 | 16-18 | 19-21 | 22-24 | 25-27 || total
-------------------------+-------+-------+-------+-------+-------+-------+-------+-------+-------++-------
Melee: Falchion          |   135 |   112 |   103 |       |       |       |       |       |       ||   350
       Punch             |     3 |     3 |     4 |       |       |       |       |       |       ||    10
       Dagger            |       |    15 |    41 |       |       |       |       |       |       ||    56
       Quarterstaff      |       |       |    92 |   665 |   134 |       |       |       |       ||   891
       Peck              |       |       |    10 |    82 |   125 |   186 |   167 |    38 |       ||   608
       Lajatang          |       |       |       |       |   586 |    11 |       |       |       ||   597
       Demon whip        |       |       |       |       |       |   716 |       |       |       ||   716
       Broad axe         |       |       |       |       |       |   269 |   773 |  1146 |  1207 ||  3395
Throw: Tomahawk          |       |       |     4 |    84 |   224 |   254 |    84 |    61 |    13 ||   724
       Javelin           |       |       |       |       |       |       |       |    24 |   268 ||   292
Invok: Elemental Force   |       |       |       |     1 |     5 |     6 |     2 |     9 |     4 ||    27
       Upheaval          |       |       |       |       |    11 |     1 |     1 |     2 |    12 ||    27
       Become The Storm  |       |       |       |       |     1 |       |     1 |       |     1 ||     3
 Abil: Blink             |       |       |       |       |       |     2 |       |     3 |     2 ||     7
Evoke: Wand              |       |       |     7 |     5 |       |     3 |     1 |     3 |    53 ||    72
       Fan of gales      |       |       |       |     1 |       |     1 |       |       |     1 ||     3
       Sack of spiders   |       |       |       |       |     2 |     2 |       |     2 |     8 ||    14
       Lightning rod     |       |       |       |       |     5 |     6 |       |     6 |     2 ||    19
       Lamp of fire      |       |       |       |       |     1 |     4 |     1 |     5 |     5 ||    16
       Phial of floods   |       |       |       |       |     1 |     1 |     1 |     1 |     7 ||    11
       Box of beasts     |       |       |       |       |       |       |       |       |     1 ||     1
  Use: Scroll            |       |     3 |     7 |     8 |    11 |    15 |     8 |    19 |    13 ||    84
       Potion            |       |       |       |    11 |     3 |     2 |     9 |     6 |    19 ||    50
 Stab: Invisible         |     3 |     2 |       |     3 |       |       |       |       |       ||     8
       Paralysed         |     1 |       |       |       |       |       |       |     3 |       ||     4
       Confused          |       |     1 |     2 |     1 |     1 |     5 |    12 |       |     7 ||    29
       Petrified         |       |     7 |     2 |       |       |     1 |     8 |     4 |     4 ||    26
       Distracted        |       |       |       |     1 |       |     4 |     8 |     3 |    15 ||    31
       Held in net/web   |       |       |       |       |       |     1 |       |       |       ||     1
       Petrifying        |       |       |       |       |       |       |     2 |       |     1 ||     3
  Eat: Chunk             |     5 |     8 |    16 |    34 |    27 |    35 |     9 |    27 |     9 ||   170
       Ration            |       |       |       |     3 |     6 |     5 |     7 |     8 |    14 ||    43
Armor: Leather armour    |    36 |    38 |     9 |       |       |       |       |       |       ||    83
       Scale mail        |       |       |    55 |   190 |       |       |       |       |       ||   245
       Ice dragon scales |       |       |       |    73 |   406 |   426 |   187 |   354 |   355 ||  1801
       Skin              |       |       |       |    19 |       |       |     4 |       |       ||    23
       Gold dragon scale |       |       |       |       |       |       |       |       |     6 ||     6
Dodge: Dodged            |    69 |    50 |    60 |   238 |   273 |   151 |    45 |    76 |   101 ||  1063
       Deflected         |       |       |       |       |    37 |     6 |    19 |    14 |    13 ||    89
Block: Other             |       |     4 |    26 |   134 |   267 |     2 |       |       |       ||   433
       Reflection        |       |       |     4 |     1 |     9 |    55 |   100 |    96 |    18 ||   283
       Medium shield     |       |       |       |       |       |   912 |       |       |       ||   912
       Large shield      |       |       |       |       |       |   396 |  1145 |  1791 |  1768 ||  5100
